 Dungeon Crawl Stone Soup version 0.23-a0-636-g0ff6057 (webtiles) character file.

122 Lavandula the Cutter (level 5, 0/31 HPs)
             Began as a Halfling Enchanter on Dec 28, 2018.
             Succumbed to an adder's poison
             ... on level 3 of the Dungeon.
             The game lasted 00:05:14 (1494 turns).

Lavandula the Cutter (Halfling Enchanter)           Turns: 1494, Time: 00:05:15

Health: 0/31       AC:  6    Str:  6 (9)  XL:     5   Next: 27%
Magic:  3/9        EV: 14    Int: 12 (14) God:
Gold:   46         SH:  0    Dex: 14 (15) Spells: 6/9 levels left

rFire    . . .     SeeInvis .   a - +1 dagger
rCold    . . .     Gourm    .   (shield restricted)
rNeg     . . .     Faith    .   i - +0 leather armour (curse)
rPois    .         Spirit   .   (no helmet)
rElec    .         Reflect  .   (no cloak)
rCorr    .         Harm     .   (no gloves)
MR       .....                  (no boots)
Stlth    ++........             (no amulet)
HPRegen  0.10/turn              f - +3 ring of protection
MPRegen  0.11/turn              (no ring)

@: lethally poisoned (0 -> -2), very slightly contaminated
A: small, mutation resistance 1
a: no special abilities


You were on level 3 of the Dungeon.
You were very hungry.

You visited 1 branch of the dungeon, and saw 5 of its levels.

You collected 46 gold pieces.

Inventory:

Hand Weapons
 a - a +1 dagger (weapon)
 c - a +0 long sword
Armour
 b - a +0 robe
 i - a cursed +0 leather armour (worn)
Jewellery
 f - a +3 ring of protection (left hand)
Scrolls
 e - a scroll of identify {unknown}
 h - a scroll of random uselessness {unknown}
 j - a scroll of remove curse {unknown}
 k - a scroll of amnesia {unknown}
Comestibles
 d - a ration


   Skills:
 - Level 4.3 Short Blades
 - Level 2.1 Dodging
 - Level 3.2 Stealth
 + Level 2.7 Spellcasting
 - Level 2.4 Hexes


You had 6 spell levels left.
You knew the following spells:

 Your Spells              Type           Power        Failure   Level  Hunger
a - Corona                Hex            #......      14%         1    #......
b - Ensorcelled Hibernat  Hex/Ice        #.....       36%         2    ###....

Your spell library contained the following spells:

 Spells                   Type           Power        Failure   Level  Hunger
 Confuse                  Hex            #.......     41%         3    ###....
 Tukima's Dance           Hex            #.......     41%         3    ###....
 Dazzling Spray           Conj/Hex       #.....       58%         3    ###....


Dungeon Overview and Level Annotations

Branches:
Dungeon (5/15)
 Temple: D:4-7

Altars:
Gozag
Hepliaklqana
Okawaru
Trog
Wu Jian


Innate Abilities, Weirdness & Mutations

You are small and have problems with some larger weapons.
You are somewhat resistant to further mutation.


Message History

The adder bites you but does no damage.
You hit the adder.
You kill the adder!
You feel sick.
You feel sick.
You feel sick.
You feel sick.
You feel sick.
You feel sick.
You feel sick.
There is a stone staircase leading up here.
You climb upwards.
You feel sick.
There is a stone staircase leading down here.
You climb downwards.
The leopard gecko skeleton bites you.
* * * LOW HITPOINT WARNING * * *
There is a stone staircase leading up here.
You can't go down here!
The leopard gecko skeleton misses you.
You climb upwards.
You die...

..#####.## #.# . .#
##'## #.# .#.#
##...###.# ...#
##.....##.# #..#
##.......#.# #..##
#..........###...#####
+.....................
#.........####...###.
##.......##...@...#
##.....###.##..#.....
##...## # ##.# .###
##+## .# # .. .## .#
.#


There were no monsters in sight!

Vanquished Creatures
  A bullfrog skeleton (D:4)
  2 worker ants (D:4)
  A hound skeleton (D:4)
  An adder (D:4)
  An ooze (D:2)
  A dart slug (D:1)
  3 orcs
  2 giant cockroaches
  A goblin (D:1)
  2 hobgoblins (D:1)
  A jackal (D:5)
  A quokka (D:4)
  A ball python (D:2)
  A bat (D:2)
  A kobold (D:1)
  2 rats
22 creatures vanquished.

Notes
Turn   | Place    | Note
-------+----------+-------------------------------------------
     0 | D:1      | Lavandula the Halfling Enchanter began the quest for the
                  | Orb.
     0 | D:1      | Reached XP level 1. HP: 11/11 MP: 3/3
   376 | D:1      | Reached skill level 2 in Short Blades
   637 | D:1      | Reached XP level 2. HP: 17/17 MP: 4/4
   670 | D:2      | Learned a level 2 spell: Ensorcelled Hibernation
   692 | D:2      | Reached skill level 3 in Short Blades
   766 | D:4      | Found an iron altar of Okawaru.
   777 | D:4      | Reached XP level 3. HP: 17/21 MP: 2/5
   787 | D:4      | Reached skill level 4 in Short Blades
   787 | D:4      | Reached XP level 4. HP: 22/27 MP: 1/6
   863 | D:5      | Entered Level 5 of the Dungeon
  1264 | D:4      | Reached XP level 5. HP: 26/31 MP: 5/8
  1291 | D:3      | Found a hazy altar of Hepliaklqana.
  1291 | D:3      | Found an opulent altar of Gozag.
  1291 | D:3      | Found an ornate altar of the Wu Jian Council.
  1291 | D:3      | Found a bloodstained altar of Trog.
  1492 | D:4      | HP: 1/31 [leopard gecko skeleton (4)]
  1494 | D:3      | Succumbed to an adder's poison

Vault maps used:
D:1:      saegor_arrival_simple_b
D:2:      chequers_ecumenical_altar_twisty
D:3:      lemuel_doored_altar, nicolae_overflow_hidden_temple,
          serial_bayou_lake_a
D:4:      lemuel_coloured_pillars_altar, minmay_temple_entry_offerings
D:5:      first_ration, minmay_misc_feat_nine_boxes

Skill      XL: |  1  2  3  4 |
---------------+-------------+-----
Short Blades   | 2 3 4 |  4.3
Spellcasting   | 2 |  2.7
Dodging        | |  2.1
Stealth        | |  3.2
Hexes          | |  2.4

Action                   |  1- 3 |  4- 6 || total
-------------------------+-------+-------++-------
Melee: Dagger            |    54 |    99 ||   153
 Cast: Corona            |    10 |     8 ||    18
       Ensorcelled Hiber |     1 |     8 ||     9
  Use: Potion            |       |     3 ||     3
 Stab: Sleeping          |     3 |     1 ||     4
  Eat: Chunk             |       |     2 ||     2
Armor: Robe              |     6 |     6 ||    12
       Skin              |       |    15 ||    15
       Leather armour    |       |     7 ||     7
Dodge: Dodged            |    26 |    57 ||    83

Table legend:
 A = Non-vault XP
 B = Vault XP
 C = Vault XP percentage of total XP
 D = Non-vault monster count
 E = Vault monster count
 F = Vault count percentage of total count
                 A         B        C        D         E       F
            +---------+---------+-------+---------+---------+-------
      Total |     175 |       0 |   0.0 |      22 |       0 |   0.0
            +---------+---------+-------+---------+---------+-------
        D:1 |      14 |       0 |   0.0 |       7 |       0 |   0.0
        D:2 |      10 |       0 |   0.0 |       4 |       0 |   0.0
        D:4 |     141 |       0 |   0.0 |       7 |       0 |   0.0
        D:5 |      10 |       0 |   0.0 |       4 |       0 |   0.0
            +---------+---------+-------+---------+---------+-------
